 Dungeon Crawl Stone Soup version 0.29.1-14-g9c671dbff4 (webtiles) character file.

Game seed: 15451385849869299438

1030 BabyfaceFinlayson the Ogre Mage (level 8, -10/70 HPs)
             Began as an Ogre Fire Elementalist on Feb 14, 2023.
             Engulfed by a cloud of flame (19 damage)
             ... on level 5 of the Dungeon.
             The game lasted 00:19:13 (5031 turns).

BabyfaceFinlayson the Ogre Mage (OgFE)              Turns: 5031, Time: 00:19:13

Health: -10/70     AC:  7    Str: 13    XL:     8   Next: 23%
Magic:  0/18       EV:  9    Int: 18    God:
Gold:   276        SH:  0    Dex:  9    Spells: 10/20 levels left

rFire   . . .      SeeInvis .   d - +0 dagger
rCold   . . .      Faith    .   (no shield)
rNeg    + . .      Spirit   .   a - +0 robe
rPois   .          Reflect  .   (helmet restricted)
rElec   .          Harm     .   (no cloak)
rCorr   .          Rampage  .   (gloves unavailable)
Will    .....                   (boots unavailable)
Stlth   ++........              f - amulet of magic regeneration
HPRegen 0.21/turn               c - ring of positive energy
MPRegen 0.56/turn               q - +4 ring of protection

@: no status effects
A: large, unfitting armour, tough skin 1
a: no special abilities


You were on level 5 of the Dungeon.
You visited 1 branch of the dungeon, and saw 5 of its levels.

You collected 276 gold pieces.

Inventory:

Hand Weapons
 d - a +0 dagger (weapon)
Armour
 a - a +0 robe (worn)
Jewellery
 c - a ring of positive energy (left hand)
 f - an amulet of magic regeneration (around neck)
 q - a +4 ring of protection (right hand)
Scrolls
 h - a scroll of fog
 i - 5 scrolls of teleportation
 l - 2 scrolls of magic mapping
 m - a scroll of noise {unknown}
 n - a scroll of enchant weapon {unknown}
 o - a scroll of torment {unknown}
Potions
 b - 2 potions of magic
 e - 2 potions of haste
 g - 2 potions of brilliance {unknown}
 j - 2 potions of lignification {unknown}
 k - 3 potions of curing


   Skills:
 + Level 1.3 Fighting
 + Level 1.9 Dodging
 + Level 2.3 Stealth
 + Level 6.7 Spellcasting
 + Level 2.0 Conjurations
 + Level 1.7 Hexes
 + Level 6.1 Fire Magic


You had 10 spell levels left.
You knew the following spells:

 Your Spells              Type           Power      Damage    Failure   Level
a - Foxfire               Conj/Fire      80%        2x1d8     1%          1
b - Scorch                Fire           56%        2d8       1%          2
c - Inner Flame           Hex/Fire       20%        N/A       7%          3
d - Flame Wave            Conj/Fire      20%        2d7       21%         4

Your spell library contained the following spells:

 Spells                   Type           Power      Damage    Failure   Level
 Magic Dart               Conj           52%        1d5       4%          1
 Conjure Flame            Conj/Fire      20%        6-21      6%          3
 Call Imp                 Summ           6%         N/A       17%         2
 Portal Projectile        Hex/Tloc       18%        N/A       24%         3
 Mephitic Cloud           Conj/Pois/Air  8%         N/A       26%         3
 Call Canine Familiar     Summ           6%         N/A       32%         3
 Leda's Liquefaction      Hex/Erth       4%         N/A       61%         4
 Summon Lightning Spire   Summ/Air       6%         N/A       73%         4
 Storm Form               Tmut/Air       3%         N/A       100%        7
 Maxwell's Capacitive Co  Air            3%         ∞         100%        8


Dungeon Overview and Level Annotations

Branches:
Dungeon (5/15)
 Temple: D:4-7

Altars:
Ashenzari
Hepliaklqana
Nemelex Xobeh
Ru
Uskayaw


Innate Abilities, Weirdness & Mutations

You are too large for most types of armour.
You have tough skin. (AC +1)


Message History

You can't see any susceptible monsters within range! (Use Z to cast anyway.) Unknown command.
Casting: Foxfire (safe; 2% risk of failure)
Confirm with . or Enter, or press ? or * to list all spells.
You can't see any susceptible monsters within range! (Use Z to cast anyway.) Unknown command.
Casting: Foxfire (safe; 2% risk of failure)
Confirm with . or Enter, or press ? or * to list all spells.
Aiming: Inner Flame (dangerous; 8% risk of failure)
Press: ? - help, Dir - move target, f - orc warrior
Aim: an orc warrior, wielding a +0 mace and wearing a +0 chain mail (lightly wounded, chance to affect: 74%)
The orc warrior is filled with an inner flame.
Casting: Inner Flame (dangerous; 8% risk of failure)
Confirm with . or Enter, or press ? or * to list all spells.
You conjure some foxfire!
An orc comes into view.
It is wielding a +0 hand axe and carrying a wand of flame (2).
The foxfire hits the orc warrior.
Flame seeps out of the orc warrior.
The orc warrior is lightly wounded.
The orc warrior is engulfed in blazing flames.
Flame seeps out of the orc warrior.
The foxfire hits the orc warrior!
Flame seeps out of the orc warrior.
The orc warrior is almost dead.
Casting: Foxfire (safe; 2% risk of failure)
Confirm with . or Enter, or press ? or * to list all spells.
Aiming: Inner Flame (dangerous; 8% risk of failure)
Press: ? - help, Dir - move target, f - orc
Aim: an orc, wielding a +0 short sword (chance to affect: 86%)
The orc is filled with an inner flame.
Casting: Inner Flame (dangerous; 8% risk of failure)
Confirm with . or Enter, or press ? or * to list all spells.
You don't have enough magic to cast this spell.
Casting: Inner Flame (dangerous; 8% risk of failure)
Confirm with . or Enter, or press ? or * to list all spells.
You conjure some foxfire!
The foxfire hits the orc warrior.
The orc warrior explodes!
The fiery explosion engulfs you!!!
Ouch! That really hurt!
* * * LOW HITPOINT WARNING * * *
It was a potion of curing.
You feel better.
You are engulfed in blazing flames.
You die...

#..>...)...##.#
#.##.###.#######..
#.##.# #.# ##+
#.##.# #.#
####..##.##.##.#
#.#
...............#
#.# .
#.#...#.##..###
#.#
..##...)...##.v#
#.#
.....o)...##@§#
#.# #.).....##§§#
#.#
#)....##§§#####.#
#....).oo.......#
##.##.##..#######
#...##§.........#
#.....###.######..
#.......#..#
#..._...####


You could see 2 orcs.

Vanquished Creatures
  An orc warrior (D:5)
  A centaur (D:5)
  2 phantoms (D:5)
  2 necrophages
  2 scorpions (D:5)
  3 orc priests
  2 hounds
  2 orc wizards
  10 gnolls
  7 adders
  A shadow imp (D:5)
  2 worms
  2 dart slugs (D:1)
  13 orcs
  3 ball pythons
  10 endoplasms
  5 giant cockroaches
  A goblin (D:4)
  6 hobgoblins
  4 kobolds
  4 quokkas
  4 bats
  5 frilled lizards
  2 rats
94 creatures vanquished.

Vanquished Creatures (collateral kills)
  A foxfire (D:1)
1 creature vanquished.

Vanquished Creatures (others)
  143 foxfires
143 creatures vanquished.

Grand Total: 238 creatures vanquished

Notes
Turn   | Place    | Note
-------+----------+-------------------------------------------
     0 | D:1      | BabyfaceFinlayson the Ogre Fire Elementalist began the
                  | quest for the Orb.
     0 | D:1      | Reached XP level 1. HP: 16/16 MP: 3/3
   577 | D:1      | Reached skill level 1 in Conjurations
   661 | D:1      | Reached XP level 2. HP: 24/24 MP: 3/5
   664 | D:1      | Learned a level 2 spell: Scorch
   988 | D:1      | Reached XP level 3. HP: 9/31 MP: 2/7
  2052 | D:2      | Found a faded altar of an unknown god.
  2129 | D:2      | Reached XP level 4. HP: 39/40 MP: 5/8
  2206 | D:2      | Reached skill level 1 in Fighting
  2770 | D:3      | Found a hazy altar of Hepliaklqana.
  2976 | D:3      | Found a hide-covered altar of Uskayaw.
  3070 | D:3      | Reached XP level 5. HP: 48/48 MP: 6/10
  3146 | D:3      | Learned a level 3 spell: Inner Flame
  3550 | D:4      | Found a sacrificial altar of Ru.
  3567 | D:4      | Reached XP level 6. HP: 46/55 MP: 2/12
  3780 | D:4      | Identified the +0 ring mail of Arefriuz {Will+ Int+2}
  4063 | D:4      | Found a broken altar of Ashenzari.
  4265 | D:4      | Learned a level 4 spell: Flame Wave
  4282 | D:5      | Entered Level 5 of the Dungeon
  4302 | D:5      | Reached skill level 5 in Spellcasting
  4302 | D:5      | Reached skill level 5 in Fire Magic
  4302 | D:5      | Reached XP level 7. HP: 55/62 MP: 7/14
  4377 | D:5      | Reached skill level 1 in Hexes
  4979 | D:5      | Found a sparkling altar of Nemelex Xobeh.
  4992 | D:5      | Reached XP level 8. HP: 40/70 MP: 9/17
  5030 | D:5      | HP: 1/70 [spore (48)]
  5031 | D:5      | Engulfed by a cloud of flame

Illustrated notes

Levels and vault maps discovered:
D:1:      eino_arrival_water_cross, layout_basic, minivault_27
D:2:      layout_loops_ring, ebering_ecumenical_altar_webs
D:3:      layout_loops_corners, mainiacjoe_overflow_brackets,
          lemuel_doored_altar, roderic_lattice_a
D:4:      layout_cave_pools, mainiacjoe_overflow_small_starburst,
          mainiacjoe_overflow_six_doors_small
D:5:      layout_loops_ring, lemuel_round_altar, doesnt_xom_only_xom

Skill      XL: |  1  2  3  4  5  6  7  8 |
---------------+-------------------------+-----
Fire Magic     | 3 4 5 6 |  6.1
Conjurations   | 1 2 |  2.0
Spellcasting   | 3 4 5 6 |  6.7
Fighting       | 1 |  1.3
Hexes          | 1 |  1.7
Stealth        | 2 |  2.3
Dodging        | |  1.9

Action                   |  1- 3 |  4- 6 |  7- 9 || total
-------------------------+-------+-------+-------++-------
Melee: Dagger            |    18 |     2 |       ||    20
 Cast: Foxfire           |    48 |    20 |    21 ||    89
       Scorch            |    14 |    50 |    10 ||    74
       Inner Flame       |       |    13 |    22 ||    35
  Use: Scroll            |     2 |     2 |     1 ||     5
       Potion            |       |       |     1 ||     1
Armor: Robe              |    34 |     2 |       ||    36
Dodge: Dodged            |    50 |     8 |     5 ||    63
